 Dungeon Crawl Stone Soup version 0.17-a0-2122-g03d97ec (webtiles) character file.

76 matakusis the Stinger (level 4, -4/30 HPs)
             Began as a Demonspawn Venom Mage on Oct 21, 2015.
             Shot with an arrow of flame by a centaur (5 damage)
             ... on level 6 of the Dungeon.
             The game lasted 00:12:47 (2337 turns).

matakusis the Stinger (Demonspawn Venom Mage)       Turns: 2337, Time: 00:12:47

Health: -4/30      AC:  3    Str:  9    XL:     4   Next: 12%
Magic:  2/7        EV: 12    Int: 16    God:
Gold:   79         SH:  0    Dex: 14    Spells: 1 memorised, 7 levels left

rFire  + . .     SeeInvis .     k - +0 dagger
rCold  . . .     Clarity  .     a - +0 robe
rNeg   . . .     SustAt   .     (no shield)
rPois  .         Gourm    .     (no helmet)
rElec  .         Spirit   .     (no cloak)
rCorr  .         Warding  .     (no gloves)
rMut   .         Stasis   .     q - +0 pair of boots
MR     .....                    (no amulet)
Stlth  +++.......               (no ring)
                                h - ring of protection from fire

@: very slightly contaminated, not resistant to hostile enchantments, fairly
stealthy
A: hooves 2, nightstalker 1
a: no special abilities


You were on level 6 of the Dungeon.
You were not hungry.

You visited 1 branch of the dungeon, and saw 4 of its levels.

You collected 79 gold pieces.

Inventory:

Hand Weapons
 i - a +2 hand axe of venom
 k - a +0 dagger (weapon)
Armour
 a - a +0 robe (worn)
 q - a +0 pair of boots (worn)
Jewellery
 h - a ring of protection from fire (left hand)
Potions
 j - a potion of ambrosia
 r - a potion of beneficial mutation {unknown}
Books
 b - a Young Poisoner's Handbook

   Spells                             Type                      Level
   a - Sting                          Conjuration/Poison           1
   b - Cure Poison                    Poison                       2
   c - Mephitic Cloud                 Conjuration/Poison/Air       3
   d - Olgreb's Toxic Radiance        Poison                       4
   e - Venom Bolt                     Conjuration/Poison           5
Comestibles
 c - 2 bread rations
 d - 2 chunks of flesh
 f - 3 meat rations
 m - a slice of pizza


   Skills:
 - Level 1.7 Dodging
 * Level 2.9 Stealth
 + Level 2.5 Spellcasting
 + Level 1.3 Conjurations
 + Level 4.4 Poison Magic


You had 7 spell levels left.
You knew the following spells:

 Your Spells              Type           Power        Failure   Level  Hunger
a - Sting                 Conj/Pois      ##..         8%          1    #......


Dungeon Overview and Level Annotations

Branches:
Dungeon (6/15)
 Temple: D:4-7

Altars:


Innate Abilities, Weirdness & Mutations

You have hoof-like feet.
You are slightly more attuned to the shadows.


Message History

The centaur misses you. The centaur hits you.
* * * LOW HITPOINT WARNING * * *
Casting: Sting
Confirm with . or Enter, or press ? or * to list all spells.
Aiming: Sting
Press: ? - help, Shift-Dir - straight line, f/p - centaur
Aim: a centaur (severely wounded)
The sting hits the centaur.
The centaur is poisoned.
The centaur is severely wounded.
The centaur hits you.
* * * LOW HITPOINT WARNING * * *
Read which item? (? for menu, Esc to quit)
Blink to where?
Press: ? - help, Dir - move target cursor, p - centaur
As you read the scroll of blinking, it crumbles to dust.
The centaur wields a shortbow.
The centaur shoots an arrow of flame.
The arrow of flame closely misses you.
You see here an arrow of flame.
The centaur shoots an arrow of flame.
The arrow of flame hits you.
You die...

..###.#.######
>.........oo.o
#.# #...####
#.# #......#
###.###.####.#
#.........##.#
#....##.#.##.#
#...(##.#.##.#
#....##@#....#
#.#.###(######
#.#.# #.#
#.#.# #.#
#.#.###c#
#.......#
###c##### #.#
#.#


You could see a centaur.

Vanquished Creatures
  An adder (D:2)
  2 oozes (D:1)
  2 worms (D:2)
  7 bats
  7 giant cockroaches
  9 hobgoblins
  7 kobolds
  8 giant newts
  4 goblins
  6 rats
53 creatures vanquished.

Vanquished Creatures (others)
  An adder (D:6)
1 creature vanquished.

Grand Total: 54 creatures vanquished

Notes
Turn   | Place    | Note
--------------------------------------------------------------
     0 | D:1      | matakusis the Demonspawn Venom Mage began the quest for the Orb.
     0 | D:1      | Reached XP level 1. HP: 13/13 MP: 3/3
   370 | D:1      | Gained mutation: You are slightly more attuned to the shadows. [demonic ancestry]
   370 | D:1      | Reached XP level 2. HP: 19/19 MP: 0/5
   686 | D:1      | Gained mutation: You have large cloven feet. [demonic ancestry]
   686 | D:1      | Reached XP level 3. HP: 21/24 MP: 3/6
  1442 | D:2      | Reached skill level 1 in Conjurations
  1855 | D:2      | Gained mutation: You have hoof-like feet. [demonic ancestry]
  1855 | D:2      | Reached XP level 4. HP: 26/30 MP: 7/7
  2289 | D:3      | You fall through a shaft for 3 floors!
  2318 | D:6      | Noticed a centaur
  2332 | D:6      | HP: 1/30 [centaur (2)]
  2337 | D:6      | Shot with an arrow of flame by a centaur

Vault maps used:
D:1:      dpeg_arrival_water_altar
D:2:      minivault_27
D:3:      first_bread, uniq_crazy_yiuf_cottage
D:6:      basic_altar, lemuel_flamethrower_2

Action                   |  1- 3 |  4- 6 || total
-------------------------+-------+-------++-------
Melee: Unarmed           |    31 |       ||    31
       Hand axe          |    29 |       ||    29
       Dagger            |    40 |    15 ||    55
 Cast: Sting             |    56 |     7 ||    63
  Use: Scroll            |       |     6 ||     6
       Potion            |       |     1 ||     1
 Stab: Sleeping          |     4 |     5 ||     9
  Eat: Chunk             |     4 |     1 ||     5
